AoeStats
← Sid

Arabia

507662006Analyzed
2v2 RM · 13d ago on Sep 19, 2026· 58m 56s· 4 players
Game mode
Random Map
Map size
Medium (4 player)
Population
200
Speed
Normal
Resources
Standard
Victory
Conquest
Starting age
Dark Age
Ending age
Imperial Age
RankedLock teamsTeams togetherTeam positionsShared explorationLock speedFull tech treeHidden civsTurbo modeCheats
Victory
Defeat
🇳🇱 Lithuanians · Netherlands
1285
+16
🇵🇱 Maya · Poland
1161
+21
🇯🇵 Tatars · Japan
1290
-19
🇯🇵 Jurchens · Japan
1271
-18
zabijucha
6:27 Loom
8:57 Feudal Age
10:15 Double-Bit Axe
22:04 Castle Age
20:47 Bloodlines
21:12 Scale Barding Armor
21:16 Horse Collar
23:20 Chain Barding Armor
23:39 Husbandry
24:31 Forging
24:14 Town Watch
28:55 Wheelbarrow
29:53 Gold Mining
30:17 Bow Saw
31:19 Iron Casting
31:27 Devotion
34:52 Sanctity
36:37 Fletching
38:04 Hand Cart
39:49 Bodkin Arrow
42:26 Imperial Age
42:53 Hill Forts
43:17 Ballistics
43:54 Plate Barding Armor
43:03 Cavalier
44:42 Conscription
44:38 Bracer
46:28 Hoardings
49:42 Chemistry
48:53 Masonry
56:51 Architecture
57:56 Light Cavalry
232002
0:27 Loom
10:18 Feudal Age
15:15 Double-Bit Axe
21:02 Gold Mining
20:53 Horse Collar
21:42 Fletching
22:25 Padded Archer Armor
23:04 Town Watch
27:25 Castle Age
26:53 Wheelbarrow
27:28 Crossbowman
28:11 Bodkin Arrow
29:35 Thumb Ring
31:52 Ballistics
35:30 Bow Saw
38:41 Hand Cart
42:56 Imperial Age
43:24 Capped Ram
43:50 Arbalester
44:36 Bracer
46:49 Caravan
48:16 Town Patrol
53:55 Leather Archer Armor
55:39 Conscription
55:54 Masonry
56:56 Chemistry
fumin
6:54 Loom
9:19 Feudal Age
9:22 Man-at-Arms
10:05 Double-Bit Axe
15:32 Fletching
18:25 Padded Archer Armor
25:34 Castle Age
23:33 Horse Collar
24:41 Gold Mining
25:36 Crossbowman
26:12 Bodkin Arrow
26:32 Leather Archer Armor
28:04 Ballistics
30:37 Wheelbarrow
30:13 Bow Saw
37:50 Hand Cart
40:35 Imperial Age
39:55 Elite Skirmisher
41:21 Bracer
41:23 Murder Holes
42:43 Heavy Cavalry Archer
45:05 Ring Archer Armor
48:05 Chemistry
47:51 Heavy Plow
51:25 Siege Engineers
51:41 Bombard Tower
51:43 Caravan
52:27 Fortified Wall
54:59 Scale Barding Armor
55:05 Forging
55:03 Light Cavalry
55:53 Bloodlines
55:44 Husbandry
58:02 Squires
Sid
6:14 Loom
9:07 Feudal Age
10:20 Double-Bit Axe
14:15 Horse Collar
20:30 Wheelbarrow
23:18 Castle Age
21:18 Gold Mining
21:41 Scale Barding Armor
22:32 Bloodlines
23:40 Forging
24:26 Heavy Plow
25:34 Gold Shaft Mining
25:02 Light Cavalry
26:24 Pikeman
27:47 Devotion
28:09 Sanctity
29:46 Chain Barding Armor
29:36 Stone Mining
29:51 Husbandry
32:14 Iron Casting
41:43 Imperial Age
39:28 Scale Mail Armor
42:47 Hand Cart
44:17 Blast Furnace
43:34 Town Watch
43:31 Elite Steppe Lancer
45:39 Devotion
46:43 Plate Barding Armor
50:56 Caravan
51:21 Hussar
51:36 Elite Skirmisher
54:57 Conscription
58:00 Fletching
59:11 Bodkin Arrow
Connection lost

Rejoining the realm…

Still unreachable

The connection could not be restored.

Session expired

The server has moved on; the page needs a fresh start.